 Dungeon Crawl Stone Soup version 0.26.1-10-gdfb7c7de75 (webtiles) character file.

Game seed: 13031428890326899113

1035 Chiseanne the Stinger (level 8, 42/52 HPs)
             Began as a Demonspawn Hedge Wizard on Apr 7, 2021.
             Was an Initiate of Vehumet.
             Quit the game on level 6 of the Dungeon.
             The game lasted 00:12:14 (7531 turns).

Chiseanne the Stinger (Demonspawn Hedge Wizard)     Turns: 7531, Time: 00:12:15

Health: 42/52      AC:  3    Str: 17    XL:     8   Next: 3%
Magic:  9/13       EV: 12    Int: 18    God:    Vehumet [......]
Gold:   219        SH:  0    Dex: 12    Spells: 8/14 levels left

rFire    + . .     SeeInvis .   a - +0 short sword
rCold    + . .     Faith    .   (no shield)
rNeg     . . .     Spirit   .   D - +0 robe {rF+}
rPois    .         Reflect  .   c - +0 hat
rElec    .         Harm     .   u - +0 cloak
rCorr    .         Rampage  .   (no gloves)
Will     .....                  (no boots)
Stlth    ++........             (no amulet)
HPRegen  2.17/turn              h - ring of protection from cold
MPRegen  0.13/turn              B - +6 ring of strength

@: no status effects
A: talons 1, powered by death 2, spiny 2
a: Renounce Religion


You were on level 6 of the Dungeon.
You worshipped Vehumet.
Vehumet was noncommittal.
You visited 2 branches of the dungeon, and saw 7 of its levels.

You collected 219 gold pieces.

Inventory:

Hand Weapons
 a - a +0 short sword (weapon)
 p - a +0 hunting sling of flaming
 s - a +2 quarterstaff of chaos
 v - a +1 mace of protection
Missiles
 e - 53 arrows
 f - 225 stones
 k - 2 curare-tipped darts (quivered)
 y - 56 sling bullets
Armour
 c - a +0 hat (worn)
 t - a cursed -2 buckler
 u - a +0 cloak (worn)
 D - a +0 robe of fire resistance (worn)
Jewellery
 d - an uncursed ring of flight
 h - a ring of protection from cold (left hand)
 B - a +6 ring of strength (right hand)
 F - an uncursed ring of wizardry
Wands
 E - a wand of disintegration (11)
Scrolls
 b - a scroll of identify
 i - 3 scrolls of amnesia
 l - 5 scrolls of remove curse
 m - a scroll of blinking
 n - 2 scrolls of teleportation
 r - a scroll of magic mapping
 G - a scroll of enchant armour {unknown}
Potions
 g - a potion of flight
 j - a potion of curing
 o - a potion of berserk rage {unknown}
 q - a potion of heal wounds {unknown}
 w - a potion of mutation {unknown}
 x - a potion of ambrosia
 z - a potion of lignification {unknown}
 A - a potion of invisibility
 C - 2 potions of haste {unknown}


   Skills:
 - Level 1.7 Dodging
 - Level 1.7 Stealth
 - Level 3.9 Spellcasting
 - Level 2.8 Conjurations
 - Level 1.0 Summonings
 - Level 0.8 Translocations
 + Level 5.2 Air Magic
 + Level 5.8 Poison Magic


You had 8 spell levels left.
You knew the following spells:

 Your Spells              Type           Power        Failure   Level
a - Magic Dart            Conj           52%          4%          1
b - Blink                 Tloc           N/A          16%         2
d - Mephitic Cloud        Conj/Pois/Air  20%          7%          3

Your spell library contained the following spells:

 Spells                   Type           Power        Failure   Level
 Call Imp                 Summ           7%           16%         2
 Slow                     Hex            3%           22%         2
 Conjure Flame            Conj/Fire      8%           26%         3


Dungeon Overview and Level Annotations

Branches:
Dungeon (6/15)             Temple (1/1) D:5

Altars:
Hepliaklqana
Makhleb
Nemelex Xobeh
Sif Muna
Uskayaw
Vehumet
Wu Jian
Yredelemnul

Annotations:
D:6 exclusion: upstairs


Innate Abilities, Weirdness & Mutations

You have sharp toenails.
You regenerate health from kills.
You are mostly covered in sharp spines.


Message History

The ice beast hits you but does no damage.
Aiming: Disintegrate
Press: ? - help, Shift-Dir - straight line, f/p - ice beast
Aim: an ice beast (lightly wounded, chance to affect: 65%)
The ice beast is blasted!!
The ogre is struck by your spines. The ogre closely misses you.
The ice beast hits you. The ice beast freezes you. You resist.
Aiming: Disintegrate
Press: ? - help, Shift-Dir - straight line, f/p - ice beast
Aim: an ice beast (almost dead, chance to affect: 65%)
The ice beast is blasted!
You blow up the ice beast!
Vehumet accepts your kill.
The bullfrog snags a nearby small bird with its tongue.
The ogre is struck by your spines. The ogre closely misses you.
The bullfrog hits you.
You have reached level 8!
You feel clever.
Your demonic ancestry asserts itself...
Your toenails lengthen and sharpen.
Are you sure you want to abandon this character and quit the game? (Confirm with "yes".)

#. ### ##. .. ...
.. #.# .# #
######.# .##$#.#
.......###O...... #
##....@F##.
#.####.............
...#..#..........
##.#..###.####...
#.#......##.# ..
#........##.# .
.##########......##
.....######.......#
...........†.......


You could see an ogre (confused) and a bullfrog.

Vanquished Creatures
  Sigmund (D:2)
  An ice beast (D:6)
  An ogre (D:4)
  A bullfrog (D:6)
  2 scorpions (D:5)
  A howler monkey (D:4)
  A hound (D:5)
  Crazy Yiuf (D:3)
  A bullfrog skeleton (D:5)
  An iguana (D:4)
  Natasha (thrice) (D:2)
  An orc wizard (D:5)
  A worker ant (D:5)
  2 hound skeletons (D:5)
  4 gnolls
  9 adders
  An ooze (D:2)
  3 worms
  4 dart slugs
  5 leopard geckos
  13 orcs
  2 giant cockroaches
  11 goblins
  12 hobgoblins
  3 jackals (D:1)
  A quokka (D:5)
  10 bats
  A frilled lizard (D:1)
  A jackal skeleton (D:4)
  8 kobolds
  A quokka zombie (D:6)
  4 rats
111 creatures vanquished.

Notes
Turn   | Place    | Note
-------+----------+-------------------------------------------
     0 | D:1      | Chiseanne the Demonspawn Hedge Wizard began the quest for
                  | the Orb.
     0 | D:1      | Reached XP level 1. HP: 13/13 MP: 4/4
   354 | D:1      | Gained mutation: You are partially covered in sharp spines.
                  | [demonic ancestry]
   354 | D:1      | Reached XP level 2. HP: 19/19 MP: 4/6
   427 | D:1      | Found a sparkling altar of Nemelex Xobeh.
  1324 | D:2      | Gained mutation: You regenerate a little health from kills.
                  | [demonic ancestry]
  1324 | D:2      | Reached XP level 3. HP: 18/24 MP: 1/8
  1472 | D:2      | Noticed Sigmund
  1924 | D:3      | Reached XP level 4. HP: 30/30 MP: 4/9
  2010 | D:3      | Learned a level 2 spell: Blink
  2014 | D:3      | Learned a level 3 spell: Mephitic Cloud
  2097 | D:3      | Found a runed translucent door.
  2098 | D:3      | Noticed Crazy Yiuf
  2159 | D:3      | Found a sparkling altar of Nemelex Xobeh.
  2542 | D:3      | Reached skill level 1 in Poison Magic
  2642 | D:3      | Reached skill level 1 in Air Magic
  3002 | D:2      | Noticed Natasha
  3236 | D:2      | Killed Natasha
  3237 | D:2      | Gained mutation: You are mostly covered in sharp spines.
                  | [demonic ancestry]
  3237 | D:2      | Reached XP level 5. HP: 20/35 MP: 1/10
  3453 | D:2      | Noticed Natasha
  3471 | D:2      | Killed Natasha
  3934 | D:2      | Killed Sigmund
  3935 | D:2      | Gained mutation: You regenerate health from kills. [demonic
                  | ancestry]
  3935 | D:2      | Reached XP level 6. HP: 13/41 MP: 1/11
  4135 | D:2      | Noticed Natasha
  4140 | D:2      | Killed Natasha
  4765 | D:2      | Found a hide-covered altar of Uskayaw.
  5217 | D:3      | Killed Crazy Yiuf
  5609 | D:4      | Reached XP level 7. HP: 46/46 MP: 1/12
  6198 | D:5      | Entered Level 5 of the Dungeon
  6913 | D:5      | Reached skill level 5 in Poison Magic
  7103 | D:5      | Found a burning altar of Makhleb.
  7165 | D:5      | Found a basalt altar of Yredelemnul.
  7217 | D:5      | Found a staircase to the Ecumenical Temple.
  7226 | Temple   | Entered the Ecumenical Temple
  7265 | Temple   | Became a worshipper of Vehumet
  7447 | D:6      | Reached skill level 5 in Air Magic
  7531 | D:6      | Gained mutation: You have sharp toenails. [demonic
                  | ancestry]
  7531 | D:6      | Reached XP level 8. HP: 42/52 MP: 9/13
  7531 | D:6      | Quit the game

Illustrated notes

Levels and vault maps discovered:
D:1:      onia_arrival_pentagram, layout_basic,
          nemelex_xobeh_ov_fountains_minmay
D:2:      layout_basic, lemuel_round_altar, grunt_ministairs_1,
          minmay_pentomino_s2, uniq_sigmund, uniq_natasha
D:3:      layout_basic, lemuel_round_altar, kennysheep_generic_room_4,
          uniq_crazy_yiuf_cottage
D:4:      layout_basic
D:5:      layout_basic, makhleb_blood_cavern_becter,
          nicolae_overflow_hidden_temple, lemuel_temple_firewalk_b
D:6:      layout_loops_cross, amethyst_overflow_temple_binary, uniq_menkaure,
          uniq_maggie, uniq_eustachio
Temple:   jpeg_temple_clearing

Skill      XL: |  1  2  3  4  5  6  7 |
---------------+----------------------+-----
Conjurations   | 2 |  2.8
Poison Magic   | 1 3 4 5 |  5.8
Air Magic      | 1 3 5 |  5.2
Dodging        | |  1.7
Stealth        | |  1.7
Spellcasting   | |  3.9
Summonings     | |  1.0
Translocations | |  0.8

Action                   |  1- 3 |  4- 6 |  7- 9 || total
-------------------------+-------+-------+-------++-------
Melee: Dagger            |     9 |       |       ||     9
       Short sword       |     7 |    44 |    29 ||    80
Throw: Dart              |       |     1 |     1 ||     2
 Cast: Magic Dart        |    87 |   156 |    58 ||   301
       Mephitic Cloud    |       |     6 |     8 ||    14
       Blink             |       |       |     2 ||     2
Evoke: Wand              |       |       |     4 ||     4
  Use: Scroll            |     2 |     9 |       ||    11
 Stab: Sleeping          |       |     2 |       ||     2
       Confused          |       |     2 |     1 ||     3
Armor: Robe              |     1 |     7 |     4 ||    12
Dodge: Dodged            |    18 |    47 |    22 ||    87
